 Dungeon Crawl Stone Soup version 0.26.1-2-gb8aa6d0cf2 (webtiles) character file.

Game seed: 4884606145567093228

70922 H0rd4k the Carver (level 15, -7/120 HPs)
             Began as a Human Artificer on Mar 16, 2021.
             Was an Initiate of Gozag.
             Hit by a large rock thrown by a stone giant (22 damage)
             ... on level 2 of the Orcish Mines.
             The game lasted 01:02:18 (34544 turns).

H0rd4k the Carver (Human Artificer)                Turns: 34544, Time: 01:02:19

Health: -7/120     AC: 22    Str: 37    XL:     15   Next: 80%
Magic:  15/15      EV: 16    Int: 14    God:    Gozag
Gold:   1625       SH:  0    Dex: 17    Spells: 14/14 levels left

rFire    x . .     SeeInvis .   g - +9 long sword "Noemy" {elec, rElec rPois Will-}
rCold    + + .     Faith    .   (no shield)
rNeg     . . .     Spirit   .   l - +3 scale mail "Astunyet" {rPois Str+5}
rPois    +         Reflect  .   f - +2 helmet
rElec    +         Harm     .   L - +2 cloak
rCorr    .         Rampage  .   (no gloves)
Will     .....                  e - +2 pair of boots
Stlth    +++.......             (no amulet)
HPRegen  0.30/turn              M - ring of the Dancing Pariah {rF- Str+10 Dex+3 Stlth+}
MPRegen  0.14/turn              Q - ring "Veupiq" {rElec rPois rC++ Will- Str+6}

@: mighty, gold aura
A: no striking features
a: Renounce Religion, Potion Petition, Call Merchant, Bribe Branch


You were on level 2 of the Orcish Mines.
You worshipped Gozag.
Gozag was most pleased with you.
You visited 4 branches of the dungeon, and saw 20 of its levels.
You also visited: Ice Cave and Volcano.

You collected 7471 gold pieces.
You spent 3470 gold pieces at shops.
You paid 2376 gold pieces to Gozag.

Inventory:

Hand Weapons
 g - the +9 long sword "Noemy" (weapon) {elec, rElec rPois Will-}
   (You bought it in a shop on level 10 of the Dungeon)

   Occasionally, upon striking a foe, it can discharge electrical energy and
   cause terrible harm.
   It insulates you from electricity.
   It protects you from poison.
   It affects your willpower, your defense against some magical effects.
 r - a +5 long sword of holy wrath
 F - a +7 long sword
Missiles
 q - 4 silver javelins
 J - 8 curare-tipped darts
Armour
 e - a +2 pair of boots (worn)
 f - a +2 helmet (worn)
 l - the +3 scale mail "Astunyet" (worn) {rPois Str+5}
   (You found it on level 6 of the Dungeon)

   It affects your strength (+5).
   It protects you from poison.
 z - a +2 chain mail of willpower
 L - a +2 cloak (worn)
Magical Staves
 b - an uncursed staff of earth
Jewellery
 h - an uncursed ring of positive energy
 i - an uncursed ring of wizardry
 m - an uncursed ring of ice
 M - the ring of the Dancing Pariah (left hand) {rF- Str+10 Dex+3 Stlth+}
   (You bought it in a shop on level 10 of the Dungeon)

   [ring of stealth]

   It affects your strength (+10).
   It affects your dexterity (+3).
   It makes you vulnerable to fire.
   It makes you more stealthy.
 Q - the ring "Veupiq" (right hand) {rElec rPois rC++ Will- Str+6}
   (You bought it in a shop on level 10 of the Dungeon)

   [ring of strength]

   It affects your strength (+6).
   It greatly protects you from cold.
   It insulates you from electricity.
   It protects you from poison.
   It affects your willpower, your defense against some magical effects.
Wands
 d - a wand of enslavement (12)
 k - a wand of acid (6)
 t - a wand of flame (26)
 u - a wand of random effects (33)
 v - a wand of digging (6)
 D - a wand of disintegration (13)
 S - a wand of polymorph (16)
Scrolls
 o - 7 scrolls of remove curse
 s - a scroll of identify
 w - 3 scrolls of fear
 y - 11 scrolls of teleportation
 A - a scroll of summoning
 B - 4 scrolls of fog
 C - a scroll of amnesia
 K - a scroll of holy word
 Y - 2 scrolls of magic mapping
Potions
 a - 4 potions of might
 c - a potion of mutation
 j - 4 potions of brilliance
 n - 2 potions of magic
 p - 8 potions of heal wounds
 x - 8 potions of curing
 E - a potion of flight
 I - 3 potions of cancellation
 P - a potion of ambrosia
 R - 2 potions of berserk rage
 T - 3 potions of haste


   Skills:
 + Level 11.7 Fighting
 + Level 11.1(14.0) Short Blades
 + Level 14.2(15.5) Long Blades
 + Level 11.0 Armour
 + Level 8.1 Dodging
 + Level 6.7 Stealth
 + Level 6.9 Evocations


You had 14 spell levels left.
You didn't know any spells.
Your spell library contained the following spells:

 Spells                   Type           Power        Failure   Level
 Animate Skeleton         Necr           0%           43%         1
 Apportation              Tloc           0%           43%         1
 Corona                   Hex            0%           43%         1
 Summon Small Mammal      Summ           0%           43%         1
 Corpse Rot               Necr/Air       N/A          56%         2
 Sublimation of Blood     Necr           0%           56%         2
 Dispel Undead            Necr           0%           99%         4
 Agony                    Necr           0%           100%        5
 Excruciating Wounds      Necr           0%           100%        5


Dungeon Overview and Level Annotations

Branches:
Dungeon (11/15)            Temple (1/1) D:4            Lair (6/6) D:10
  Swamp (0/4) Lair:2       Spider (0/4) Lair:3        Slime (0/5) Lair:5
    Orc (2/2) D:11          IceCv (visited)         Volcano (visited)
    Elf: Orc:2

Altars:
Ashenzari
Cheibriados
Dithmenos
Elyvilon
Fedhas
Gozag
Hepliaklqana
Kikubaaqudgha
Makhleb
Nemelex Xobeh
Okawaru
Qazlal
Ru
Sif Muna
Trog
Uskayaw
Vehumet
Wu Jian
Xom
Yredelemnul
Zin
The Shining One
Beogh
Jiyva

Shops:
D:10 =(((

Portals:
Hell: Lair:6

Annotations:
D:2 exclusion: downstairs
D:4 1 runed translucent door, exclusion: door, Crazy Yiuf
D:5 exclusion: downstairs
D:7 exclusion: upstairs
D:8 exclusion: downstairs
D:10 exclusion: ice statue
Lair:5 exclusion: 2 downstairs
Orc:1 Rupert


Message History

Lightning courses through the two-headed ogre!!
You kill the two-headed ogre!
The stone giant becomes distracted by the nearby gold, dreaming of imaginary riches.
You barely miss the stone giant.
The stone giant is no longer distracted by gold.
The stone giant shouts!
The stone giant hits you!
* * * LOW HITPOINT WARNING * * *
Unknown command.
Blink to where?
Press: ? - help, Dir - move target
As you read the scroll of blinking, it crumbles to dust.
The stone giant throws a large rock.
The large rock hits you but does no damage.
You see here a large rock.
You see here a cursed -3 giant spiked club.
There is a stone staircase leading up, spattered with blood here.
The stone giant throws a large rock.
The large rock hits you!!
You die...
Your body crumbles into a pile of gold.

...^.........................##
..............................#
.........C...................##
##...............)............#
#####...................##...#
####......(....)[..........##
##.#...........)............##
##............)[))[.......#...#
#............#..@[(......#....#
.........#....#.[............##
#..#..#####.......#...........#
#...#####....................##
##.## #...................###
### ##...................##
###..................##
#...................#
#...#...............#


You could see a stone giant.

Vanquished Creatures
  An orc warlord (Orc:1)
  2 dire elephants (Lair:6)
  Josephine (Lair:6)
  4 hydras
  A boulder beetle (D:9)
  An ogre mage (Orc:2)
  A hell hog (Volcano)
  3 two-headed ogres (Orc:2)
  A sixfirhy (Lair:6)
  A wizard (Lair:6)
  Pikel (D:3)
  A necromancer (IceCv)
  5 oklob plants
  A wolf spider (Lair:3)
  An orc sorcerer (Orc:1)
  17 elephants
  4 ice statues (IceCv)
  2 black mambas
  3 torpor snails (Lair:6)
  A smoke demon (Lair:6)
  3 orange demons (Lair:6)
  A centaur skeleton (D:11)
  Psyche (D:8)
  13 cane toads
  5 rime drakes
  14 komodo dragons
  10 ice devils
  2 jumping spiders (Lair:3)
  7 trolls
  Grinder (D:6)
  10 dream sheep
  23 blink frogs
  13 orc warriors
  A redback (Lair:3)
  6 wyverns
  5 wraiths
  63 yaks
  9 fire bats (Volcano)
  2 steam dragons
  2 basilisks
  Menkaure (D:4)
  2 acid dragons (D:11)
  A warg (Orc:2)
  10 hell hounds
  22 water moccasins
  A phantom (D:9)
  3 ice beasts
  23 ogres
  4 black bears
  2 sky beasts
  4 centaurs
  A lemure (D:3)
  4 big kobolds
  23 bullfrogs
  4 scorpions
  A water moccasin skeleton (D:4)
  14 killer bees
  3 jellies
  3 wights (D:9)
  2 howler monkeys
  2 electric eels (Lair:2)
  2 draconian simulacra (IceCv)
  A quasit (D:9)
  A bullfrog zombie (D:8)
  A centaur zombie (D:7)
  A gnoll shaman (D:9)
  18 orc priests
  5 hounds
  Ijyb (D:4)
  10 orc wizards
  2 bullfrog skeletons
  4 iguanas
  Natasha (thrice) (D:4)
  A hell rat (Lair:6)
  4 troll simulacra (IceCv)
  6 worker ants
  A killer bee zombie (D:8)
  A centaur simulacrum (IceCv)
  A hound skeleton (D:5)
  3 worker ant zombies
  Robin (D:3)
  4 gnolls (D:9)
  A howler monkey skeleton (D:7)
  2 naga simulacra (IceCv)
  14 adders
  An ogre simulacrum (IceCv)
  3 shadow imps (D:8)
  3 white imps
  5 ufetubi
  2 oozes
  3 worms
  2 dart slugs (D:1)
  7 leopard geckos
  91 orcs
  3 ball pythons
  6 giant cockroaches
  16 goblins
  12 hobgoblins
  21 jackals
  5 quokkas
  7 bats
  8 frilled lizards
  24 kobolds
  8 rats
  A bush (Lair:2)
689 creatures vanquished.

Vanquished Creatures (collateral kills)
  Nessos (Lair:4)
  Edmund (D:6)
  A sky beast (D:8)
  An orc wizard (D:6)
  An orc (Orc:2)
  A quokka (D:8)
6 creatures vanquished.

Vanquished Creatures (others)
  A black mamba (Lair:4)
  An ogre (D:4)
  An orc wizard (D:5)
  A worker ant (D:4)
  2 orcs (D:5)
  27 fungi
  41 plants
74 creatures vanquished.

Grand Total: 769 creatures vanquished

Notes
Turn   | Place    | Note
-------+----------+-------------------------------------------
     0 | D:1      | H0rd4k the Human Artificer began the quest for the Orb.
     0 | D:1      | Reached XP level 1. HP: 15/15 MP: 1/1
   248 | D:1      | Reached XP level 2. HP: 7/21 MP: 2/2
   784 | D:1      | Reached XP level 3. HP: 21/26 MP: 3/3
  2347 | D:2      | Reached XP level 4. HP: 32/32 MP: 4/4
  2884 | D:3      | Reached skill level 1 in Short Blades
  3019 | D:3      | Reached XP level 5. HP: 25/37 MP: 5/5
  3155 | D:4      | Noticed Menkaure
  3159 | D:4      | Killed Menkaure
  3160 | D:4      | Reached XP level 6. HP: 44/44 MP: 6/6
  3532 | D:4      | Noticed Pikel
  4126 | D:4      | Noticed Ijyb
  4132 | D:4      | Killed Ijyb
  4133 | D:4      | Reached XP level 7. HP: 50/50 MP: 7/7
  4273 | D:4      | Found a staircase to the Ecumenical Temple.
  4294 | Temple   | Entered the Ecumenical Temple
  4575 | D:3      | Noticed Robin
  4737 | D:4      | Found a runed translucent door.
  4738 | D:4      | Noticed Crazy Yiuf
  5439 | D:3      | Noticed Natasha
  5790 | D:3      | Reached skill level 5 in Short Blades
  6140 | D:3      | Killed Robin
  6206 | D:3      | Reached XP level 8. HP: 35/57 MP: 8/8
  6602 | D:3      | Found an opulent altar of Gozag.
  6605 | D:3      | Found a glowing silver altar of Zin.
  6935 | D:3      | Became a worshipper of Gozag Ym Sagoz the Greedy
  7292 | D:4      | Killed Natasha
  7617 | D:4      | Noticed Natasha
  7631 | D:4      | Killed Natasha
  7790 | D:4      | Noticed Natasha
  7811 | D:4      | Killed Natasha
  7879 | D:5      | Entered Level 5 of the Dungeon
  8004 | D:5      | Identified the cursed +1 quarterstaff "Raeff" {vorpal,
                  | rElec MP+9 Str+8}
  8251 | D:5      | Found a bloodstained altar of Trog.
  9123 | D:6      | Noticed Edmund
  9277 | D:6      | Reached skill level 5 in Evocations
  9277 | D:6      | Reached XP level 9. HP: 52/64 MP: 9/9
  9496 | D:6      | Killed Edmund
  9630 | D:6      | Noticed Grinder
  9667 | D:6      | Killed Grinder
  9800 | D:6      | Got a crude scale mail
  9823 | D:6      | Identified the +3 scale mail "Astunyet" {rPois Str+5} (You
                  | found it on level 6 of the Dungeon)
  9855 | D:6      | Reached skill level 5 in Armour
 10900 | D:8      | Noticed Psyche
 10903 | D:8      | Killed Psyche
 10904 | D:8      | Reached skill level 5 in Fighting
 10904 | D:8      | Reached XP level 10. HP: 64/74 MP: 10/10
 11740 | D:8      | Found a sacrificial altar of Ru.
 11799 | D:8      | Found a blossoming altar of Fedhas.
 11969 | D:8      | Found an ornate altar of the Wu Jian Council.
 11969 | D:8      | Found a faded altar of an unknown god.
 11975 | D:8      | Found a faded altar of an unknown god.
 11977 | D:8      | Found a burning altar of Makhleb.
 11979 | D:8      | Found an ancient bone altar of Kikubaaqudgha.
 12934 | D:6      | Reached skill level 10 in Short Blades
 13508 | D:3      | Killed Pikel
 14010 | D:9      | Reached XP level 11. HP: 77/83 MP: 11/11
 14648 | D:9      | Noticed a boulder beetle
 14732 | D:9      | Reached skill level 5 in Dodging
 14871 | D:10     | Entered Level 10 of the Dungeon
 14871 | D:10     | Found Dassec's Jewellery Emporium.
 14960 | D:10     | Bought the ring of the Dancing Pariah {rF- Str+10 Dex+3
                  | Stlth+} for 716 gold pieces
 15333 | D:10     | Found an opulent altar of Gozag.
 15845 | D:10     | Found a staircase to the Lair.
 16332 | D:9      | Reached skill level 1 in Long Blades
 16420 | D:9      | Reached skill level 2 in Long Blades
 16643 | D:9      | Killed a boulder beetle
 16644 | D:9      | Reached skill level 3 in Long Blades
 16895 | D:9      | Found a shimmering altar of Xom.
 17012 | D:10     | Bought the ring "Veupiq" {rElec rPois rC++ Will- Str+6} for
                  | 1440 gold pieces
 17220 | D:11     | Found a staircase to the Orcish Mines.
 17519 | D:11     | Found a roughly hewn altar of Beogh.
 17553 | D:11     | Reached skill level 4 in Long Blades
 18531 | D:11     | Found a roughly hewn altar of Beogh.
 18701 | D:11     | Reached XP level 12. HP: 61/91 MP: 12/12
 18844 | D:11     | Reached skill level 5 in Long Blades
 18999 | Lair:1   | Entered Level 1 of the Lair of Beasts
 19219 | Lair:1   | Reached skill level 6 in Long Blades
 19806 | Lair:1   | Reached skill level 7 in Long Blades
 20858 | Lair:2   | Reached skill level 8 in Long Blades
 21558 | Lair:2   | Reached XP level 13. HP: 67/99 MP: 13/13
 21569 | Lair:2   | Reached skill level 9 in Long Blades
 22053 | Lair:2   | Found a staircase to the Swamp.
 22402 | Lair:3   | Found a dark tunnel.
 22419 | Volcano  | Entered a volcano
 23053 | Lair:3   | Reached skill level 10 in Long Blades
 23280 | Lair:3   | Found a broken altar of Ashenzari.
 23558 | Lair:3   | Found a hole to the Spider Nest.
 24034 | Lair:4   | Noticed Nessos
 24034 | Lair:4   | Noticed a six-headed hydra
 24048 | Lair:4   | Killed Nessos
 24060 | Lair:4   | Killed a six-headed hydra
 24523 | Lair:4   | Found a frozen archway.
 24536 | IceCv    | Entered an ice cave
 25222 | IceCv    | Reached skill level 11 in Long Blades
 25619 | IceCv    | Reached skill level 5 in Stealth
 25879 | IceCv    | Got a masterwork mace
 26120 | Lair:4   | Reached XP level 14. HP: 108/108 MP: 14/14
 27034 | D:10     | Bought an iridescent long sword for 306 gold pieces
 27035 | D:10     | Identified the +9 mace of Diet Blood {venom, +Blink rElec
                  | rN+++ Int-2} (You found it in an ice cave)
 27036 | D:10     | Identified the +9 long sword "Noemy" {elec, rElec rPois
                  | Will-} (You bought it in a shop on level 10 of the Dungeon)
 27127 | Lair:2   | HP: 5/109 [acid (13)]
 27745 | Lair:4   | Reached skill level 10 in Fighting
 27803 | Lair:5   | Reached skill level 12 in Long Blades
 27947 | Lair:5   | Reached skill level 10 in Armour
 28691 | Lair:5   | Found a viscous altar of Jiyva.
 28691 | Lair:5   | Found a staircase to the Slime Pits.
 29034 | Lair:6   | Entered Level 6 of the Lair of Beasts
 29061 | Lair:6   | Noticed Josephine
 29186 | D:10     | Bought an encrusted fustibalus for 720 gold pieces
 29186 | D:10     | Identified the cursed +1 fustibalus of Impeachment {flame,
                  | *Corrode Will+ SInv Stlth+} (You bought it in a shop on
                  | level 10 of the Dungeon)
 29193 | D:10     | Bought a translucent mace for 288 gold pieces
 29193 | D:10     | Identified the +4 mace of Fyoxafach {protect, +Rage Dex+2}
                  | (You bought it in a shop on level 10 of the Dungeon)
 29799 | Lair:6   | Reached skill level 13 in Long Blades
 30168 | Lair:6   | Killed Josephine
 30169 | Lair:6   | Reached XP level 15. HP: 98/117 MP: 15/15
 30979 | Lair:6   | Found a burning altar of Makhleb.
 31602 | Lair:6   | Found a snail-covered altar of Cheibriados.
 32228 | Lair:6   | Found a gateway to Hell.
 32795 | Orc:1    | Entered Level 1 of the Orcish Mines
 33014 | Orc:1    | Reached skill level 14 in Long Blades
 33152 | Orc:1    | Found a bloodstained altar of Trog.
 33221 | Orc:2    | Entered Level 2 of the Orcish Mines
 33221 | Orc:2    | Noticed Rupert
 33697 | Orc:2    | Noticed an orc warlord
 33977 | Orc:1    | Killed an orc warlord
 34520 | Orc:2    | Noticed a stone giant
 34544 | Orc:2    | Hit by a large rock thrown by a stone giant

Illustrated notes

Levels and vault maps discovered:
D:1:      lightli_arrival_noodles, layout_loops_ring, minmay_tetromino_s4
D:2:      layout_loops_ring
D:3:      layout_basic, grunt_temple_overflow_gold_and_silver, serial_rivers,
          chequers_serial_rivers_large_a, chequers_serial_rivers_small_b,
          chequers_serial_rivers_room_b, chequers_serial_rivers_micro_d,
          chequers_serial_rivers_micro_c, minmay_starry_boxes, uniq_natasha,
          uniq_robin
D:4:      minmay_inner_zag, layout_basic, minmay_temple_entry_sparse_star,
          uniq_menkaure, uniq_ijyb, uniq_pikel, uniq_crazy_yiuf_cottage
D:5:      layout_loops_ring, lemuel_doored_altar
D:6:      layout_loops_ring, uniq_edmund, uniq_grinder
D:7:      layout_cave_pools
D:8:      layout_gridville, nicolae_ru_sacrificial_ziggurat,
          chequers_temple_overflow_minitemple, fedhas_altar_3, uniq_psyche
D:9:      minmay_bubble_buster, layout_irregular_city, marbit_many_paths,
          nzn_sisyphean_effort
D:10:     cheibrodos_frozen_isle, layout_rooms, lair_entry_dummy, special_room
          [special_room_orc], basic_altar, serial_shops, shop, feat_on_display
D:11:     layout_roguey, minmay_orc_entry_temple_small, special_room
          [special_room_orc]
Temple:   minmay_temple_curvy_branch
Lair:1:   layout_cave_pods
Lair:2:   layout_hall_layers, minmay_swamp_entry_worms,
          minmay_lair_oklob_bushes, beast_lair_carwin_6, serial_bayou_shore_a,
          grunt_megastairs_5
Lair:3:   layout_long_grid, spider_nest_entry_funnel_web, basic_altar,
          enter_volcano_3, grunt_megastairs_1
Lair:4:   layout_regular_city, portal_ice_cave_entry_pillars_1,
          lemuel_fruit_fields, infiniplex_staircase_pool_2,
          minmay_lair_oklob_chamber, lemuel_fruit_tree, uniq_nessos
Lair:5:   layout_big_grid, dpeg_slime_entry_enclosed_altar
Lair:6:   evil_forest, layout_regular_city, kennysheep_snail_temple,
          uniq_josephine
Orc:1:    layout_caves, basic_altar
Orc:2:    st_orc_open, layout_caves, gammafunk_ghost_smash, uniq_jorgrun,
          uniq_azrael, uniq_rupert

Skill      XL: |  1  2  3  4  5  6  7  8  9 10 11 12 13 14 15 |
---------------+----------------------------------------------+-----
Short Blades   | 2 3 4 5 6 8 10 11 | 11.1
Evocations     | 4 5 6 |  6.9
Dodging        | 2 3 4 5 6 7 8 |  8.1
Fighting       | 2 3 5 6 7 8 9 10 11 | 11.7
Stealth        | 2 3 4 5 6 |  6.7
Armour         | 3 4 5 6 7 8 9 10 11 | 11.0
Long Blades    | 4 8 11 13 14 | 14.2

Action                   |  1- 3 |  4- 6 |  7- 9 | 10-12 | 13-15 || total
-------------------------+-------+-------+-------+-------+-------++-------
Melee: Club              |     8 |       |       |       |       ||     8
       Short sword       |   143 |    11 |       |       |       ||   154
       Rapier            |       |   102 |   653 |   600 |       ||  1355
       Long sword        |       |       |       |   454 |   962 ||  1416
Invok: Call Merchant     |       |       |       |       |     3 ||     3
Evoke: Wand              |       |    15 |    27 |    18 |    35 ||    95
  Use: Scroll            |     4 |       |     8 |    14 |    15 ||    41
       Potion            |       |       |       |       |     8 ||     8
 Stab: Sleeping          |     2 |     1 |       |     2 |     8 ||    13
       Distracted        |       |       |     2 |    10 |    11 ||    23
       Invisible         |       |       |       |       |     3 ||     3
Armor: Leather armour    |    34 |    30 |    33 |       |       ||    97
       Robe              |    16 |       |       |       |       ||    16
       Chain mail        |       |       |   236 |       |       ||   236
       Scale mail        |       |       |    70 |   413 |   302 ||   785
Dodge: Dodged            |    93 |    71 |   310 |   549 |   538 ||  1561
       Rpst.: Long sword |       |       |       |    77 |   153 ||   230
